Map: 카탈리스트 - 래더

Players

Ragnarok (SHIN) - Winner!

  • Race: Zerg Zerg
  • League: Grandmaster
  • Spawn Location: 5:00

llllllllllll

  • Race: Terran Terran
  • League: Grandmaster
  • Spawn Location: 11:00

VOD

Have the link to the VOD?

Description

Time

  • Played on: April 9, 2018, 3:36 a.m.
  • Length: 13:56
Show
View Real Time Build Order
Export as new Build Order

Ragnarok Zerg - Winner!

Build Orders: Hatch First 

Get SALT Encoding   

  12  0:03  Drone  
  13  0:11  Drone  
  14  0:18  Overlord  
  14  0:26  Extractor  
  14  0:27  Drone  
  15  0:36  Drone x2  
  17  0:53  Hatchery  
  17  0:56  Drone  
  17  1:00  Drone  
  18  1:10  Extractor  
  17  1:15  Spawning Pool  
  17  1:17  Drone  
  17  1:22  Drone  
  18  1:34  Drone  
  19  1:47  Overlord  
  19  2:04  Queen x2  
  19  2:06  Zergling x4  
  19  2:08  Drone  
  26  2:12  Metabolic Boost  
  27  2:15  Drone  
  27  2:16  Drone  
  28  2:24  Zergling x2  
  28  2:27  Drone  
  30  2:33  Drone  
  30  2:35  Spore Crawler  
  29  2:38  Drone  
  29  2:43  Queen  
  33  2:45  Queen  
  33  2:50  Overlord  
  35  2:52  Drone  
  36  3:07  Overlord  
  36  3:08  Drone x2  
  36  3:09  Drone  
  36  3:12  Drone x3  
  42  3:28  Hatchery  
  42  3:30  Drone x2  
  42  3:31  Drone  
  44  3:40  Zergling x2  
  44  3:41  Zergling x2  
  46  3:44  Queen, Overlord  
  48  3:52  Zergling x4  
  50  3:57  Drone x2, Overlord  
  52  4:03  Baneling Nest, Drone x3  
  54  4:10  Overlord  
  54  4:18  Zergling x2  
  54  4:20  Zergling x2  
  54  4:21  Lair  
  56  4:24  Extractor, Drone x2  
  56  4:25  Drone x3  
  56  4:26  Extractor  
  56  4:29  Drone x2  
  61  4:35  Zergling x2  
  62  4:40  Queen  
  62  4:44  Drone x3  
  66  4:52  Evolution Chamber  
  65  4:54  Drone x3, Evolution Chamber  
  65  4:58  Zergling x2  
  68  5:00  Baneling x4  
  68  5:01  Baneling x3  
  68  5:06  Overlord  
  68  5:07  Overlord  
  68  5:19  Overlord  
  68  5:20  Overlord  
  68  5:24  Drone x6  
  68  5:25  Drone x3  
  68  5:28  Drone x2  
  78  5:30  Drone  
  75  5:36  Drone  
  75  5:37  Drone  
  75  5:41  Drone  
  75  5:43  Drone x3  
  75  5:46  Drone  
  77  5:50  Queen  
  77  5:54  Zergling x2  
  77  5:55  Zergling x2  
  81  6:02  Queen  
  83  6:05  Zerg Melee Weapons Level 1, Zerg Ground Armor Level 1  
  83  6:08  Extractor  
  83  6:09  Hydralisk Den  
  83  6:10  Extractor  
  80  6:11  Zergling x4  
  80  6:14  Drone x2  
  80  6:15  Drone x2  
  80  6:17  Extractor  
  85  6:19  Drone  
  85  6:20  Drone  
  85  6:24  Drone  
  88  6:26  Drone  
  88  6:27  Drone x2, Overlord  
  88  6:28  Drone x2  
  88  6:31  Overlord  
  92  6:34  Overlord  
  92  6:37  Overlord  
  92  6:40  Grooved Spines  
  92  6:44  Spore Crawler  
  92  6:46  Drone  
  91  6:48  Spore Crawler, Hydralisk x2  
  94  6:59  Hydralisk  
  94  7:00  Hydralisk x2  
  100  7:03  Drone  
  100  7:05  Drone, Infestation Pit  
  100  7:06  Hatchery  
  100  7:11  Hydralisk x2  
  100  7:12  Hydralisk  
  100  7:15  Hydralisk x2  
  108  7:20  Overlord  
  108  7:22  Drone  
  111  7:28  Hydralisk x2  
  111  7:29  Hydralisk x2  
  119  7:31  Centrifical Hooks  
  120  7:39  Hatchery  
  120  7:41  Drone x5  
  120  7:43  Hydralisk x2  
  128  7:46  Overlord  
  128  7:52  Overlord  
  128  7:57  Muscular Augments  
  128  7:58  Overlord  
  128  8:03  Overlord  
  128  8:06  Zergling x18  
  137  8:13  Zerg Ground Armor Level 2, Zerg Melee Weapons Level 2  
  137  8:18  Zergling x10  
  141  8:21  Baneling x4  
  141  8:22  Baneling  
  141  8:23  Baneling x4  
  141  8:24  Baneling x4  
  141  8:26  Zergling x2  
  141  8:27  Zergling x2  
  141  8:32  Zergling x10  
  146  8:36  Hydralisk  
  146  8:37  Zergling x4  
  146  8:39  Baneling x2  
  146  8:44  Hydralisk x3  
  146  8:45  Zergling x2  
  145  8:53  Zergling x2  
  145  8:54  Zergling x4  
  138  8:57  Zergling x2  
  138  8:58  Zergling x2  
  138  8:59  Hydralisk  
  129  9:04  Hydralisk  
  129  9:05  Zergling x2  
  129  9:07  Hydralisk  
  118  9:14  Hydralisk  
  118  9:15  Zergling x4  
  120  9:17  Hydralisk  
  120  9:20  Queen  
  120  9:22  Hydralisk  
  124  9:26  Infestation Pit  
  124  9:29  Hydralisk  
  124  9:30  Zergling x4  
  127  9:34  Overlord  
  127  9:37  Hydralisk, Zergling x2  
  127  9:38  Zergling x4  
  132  9:43  Drone  
  132  9:44  Zergling x2  
  132  9:45  Zergling x4  
  136  9:51  Zergling x4  
  136  9:52  Zergling x2  
  139  9:56  Spore Crawler, Zergling x8  
  139  9:59  Overlord  
  142  10:00  Zergling x10  
  142  10:02  Baneling x16  
  142  10:04  Hive  
  147  10:08  Zergling x8  
  147  10:14  Zergling x6  
  150  10:16  Overlord  
  150  10:22  Drone x3  
  150  10:24  Drone  
  150  10:25  Hydralisk x2  
  150  10:26  Zergling x2  
  159  10:29  Zergling x4  
  159  10:30  Zergling x10  
  159  10:34  Drone  
  167  10:36  Zergling x4  
  167  10:37  Zergling x4  
  167  10:41  Baneling x10  
  170  10:52  Hatchery  
  170  10:56  Zergling x18  
  164  11:04  Zergling x12  
  164  11:05  Zergling x6  
  161  11:16  Hydralisk  
  161  11:17  Zergling x10  
  156  11:21  Zergling x2  
  156  11:22  Zergling x8  
  156  11:24  Baneling x16  
  156  11:25  Baneling  
  160  11:30  Baneling x9  
  160  11:31  Baneling x4  
  160  11:41  Viper  
  160  11:42  Viper x2  
  160  11:46  Zergling x2  
  172  11:47  Zergling x10  
  162  11:54  Zergling x2  
  162  11:55  Zergling x12  
  154  12:02  Zergling x16  
  154  12:03  Zergling x2  
  154  12:08  Adrenal Glands  
  150  12:19  Drone x3  
  150  12:20  Drone x3  
  154  12:29  Drone x4  
  154  12:32  Drone  
  154  12:33  Drone x3  
  154  12:37  Drone x3  
  149  12:39  Hydralisk x6  
  160  12:51  Hydralisk, Zergling x2  
  160  12:52  Zergling x14  
  160  12:54  Baneling x5  
  170  12:59  Zergling x10  
  172  13:08  Hydralisk x4  
  168  13:15  Zergling x2  
  168  13:16  Zergling x10  
  168  13:18  Baneling x6  
  159  13:23  Baneling x7  
  158  13:27  Zergling x2  
  158  13:28  Zergling x14  
  156  13:35  Zergling x12  
Show
View Real Time Build Order
Export as new Build Order

llllllllllll Terran 

Build Orders: Liberator Opening, Reaper Expand, MMM Bio 

Get SALT Encoding   

  12  0:01  SCV  
  13  0:13  SCV  
  14  0:18  Supply Depot  
  14  0:25  SCV  
  15  0:40  SCV  
  15  0:41  Barracks  
  16  0:45  Refinery  
  16  0:52  SCV  
  18  1:04  SCV  
  18  1:16  SCV  
  19  1:29  Reaper, Orbital Command  
  20  1:40  Command Center  
  20  1:49  Supply Depot  
  20  1:55  SCV  
  20  2:01  Marine  
  22  2:07  SCV  
  23  2:10  Factory  
  23  2:14  Refinery  
  23  2:19  SCV  
  24  2:23  Barracks Reactor  
  24  2:31  SCV  
  25  2:43  SCV  
  26  2:52  Orbital Command  
  26  2:54  Starport  
  26  2:55  SCV  
  29  3:05  Hellion  
  29  3:07  SCV, Hellion  
  29  3:09  Barracks Tech Lab  
  32  3:18  SCV  
  32  3:19  SCV  
  35  3:27  Hellion  
  35  3:28  Hellion, Supply Depot  
  35  3:30  SCV  
  35  3:33  SCV  
  39  3:37  Viking  
  41  3:42  SCV  
  41  3:45  SCV  
  41  3:48  Hellion  
  45  3:49  Liberator  
  45  3:50  Hellion  
  45  3:52  Supply Depot  
  45  3:54  SCV  
  48  3:57  SCV  
  49  4:03  Supply Depot  
  52  4:14  Cyclone x2  
  52  4:15  SCV  
  52  4:16  SCV  
  60  4:19  Barracks Tech Lab  
  60  4:26  Command Center  
  60  4:28  SCV  
  60  4:30  SCV  
  62  4:39  Stimpack  
  62  4:40  Supply Depot  
  62  4:41  SCV  
  62  4:44  SCV  
  64  4:51  Marine  
  65  4:53  SCV  
  65  4:56  Factory Reactor  
  65  4:57  SCV  
  67  5:04  Refinery  
  67  5:05  Refinery, Barracks  
  67  5:07  Barracks  
  67  5:08  Engineering Bay x2  
  67  5:10  SCV  
  67  5:13  SCV  
  69  5:17  Marine  
  70  5:23  SCV  
  70  5:27  SCV  
  70  5:42  Starport Reactor  
  70  5:44  SCV  
  70  5:45  Terran Infantry Armor Level 1, Barracks, Terran Infantry Weapons Level 1  
  70  5:46  Barracks  
  70  5:47  Orbital Command  
  70  5:49  Marine  
  72  5:54  Marine x2  
  72  5:55  SCV  
  72  5:59  Marine x2  
  72  6:00  Siege Tank  
  72  6:01  SCV  
  78  6:05  Supply Depot  
  78  6:07  Marine  
  78  6:08  SCV  
  80  6:11  Supply Depot  
  80  6:12  Marine x2  
  80  6:13  SCV  
  80  6:14  Orbital Command  
  80  6:17  Marine x2  
  85  6:20  SCV  
  85  6:22  Armory, Medivac x2  
  85  6:25  Marine, Supply Depot  
  91  6:26  SCV  
  91  6:30  Marine x2  
  91  6:32  SCV  
  95  6:35  Marine x2  
  95  6:36  Barracks Reactor  
  95  6:37  Barracks Reactor  
  95  6:38  SCV  
  95  6:39  SCV  
  98  6:40  Combat Shields  
  98  6:44  SCV, Marine  
  100  6:47  Marine, Supply Depot  
  100  6:48  Marine  
  100  6:50  SCV  
  100  6:53  Marine x2  
  105  6:55  SCV  
  105  6:57  Medivac x2  
  105  6:59  Supply Depot  
  110  7:02  SCV, Marine  
  110  7:03  SCV  
  110  7:05  Siege Tank  
  116  7:08  Marine x2  
  116  7:09  Refinery  
  116  7:12  SCV  
  116  7:13  Refinery  
  116  7:15  Marine x3, Supply Depot  
  121  7:16  SCV  
  121  7:19  SCV  
  121  7:22  Supply Depot  
  124  7:23  Marine  
  124  7:24  SCV, Marine x3  
  124  7:29  Marine x2  
  131  7:31  SCV  
  131  7:32  SCV  
  131  7:36  Marine  
  134  7:39  Marine x2, Supply Depot  
  134  7:41  Siege Tank  
  134  7:42  Medivac  
  134  7:44  Medivac  
  143  7:45  Supply Depot  
  143  7:47  Marine  
  143  7:48  Marine x2  
  143  7:49  Marine x2  
  148  7:52  Marine  
  149  8:00  SCV x3, Marine x2  
  149  8:02  Terran Infantry Armor Level 2, Terran Infantry Weapons Level 2  
  154  8:08  Marine  
  154  8:10  Marine  
  156  8:14  SCV  
  157  8:22  Marine  
  157  8:23  Marine  
  157  8:24  SCV  
  157  8:26  Marine x2  
  162  8:30  Siege Tank  
  165  8:36  Marine x3  
  165  8:40  Marine  
  165  8:41  SCV, Barracks  
  165  8:42  Barracks x2  
  165  8:43  Medivac  
  165  8:44  Medivac, Supply Depot  
  165  8:46  Marine  
  165  8:50  Marine x2  
  165  8:53  Marine x2  
  165  8:54  Marine  
  154  8:57  Marine  
  154  9:00  Marine  
  154  9:02  Siege Tank  
  153  9:03  Marine  
  153  9:04  Marine  
  153  9:08  Marine  
  137  9:13  Marine  
  137  9:16  Marine  
  124  9:18  Medivac x2  
  124  9:19  Marine  
  124  9:22  Marine  
  124  9:23  Marine  
  128  9:24  Marine x2  
  128  9:28  Marine  
  131  9:31  Barracks Tech Lab x2  
  131  9:32  Barracks Reactor  
  131  9:37  Command Center  
  131  9:41  Marine x3, Supply Depot  
  131  9:43  Siege Tank  
  131  9:44  Terran Vehicle And Ship Armor Level 1, Marine  
  131  9:45  Liberator x2  
  138  9:47  Marine  
  138  9:51  Marine x2  
  138  9:52  Marauder  
  143  9:55  Marine x2  
  143  9:56  Marauder, Concussive Shells  
  153  10:07  Marine x2  
  153  10:08  Marine x3  
  153  10:09  Marine x3  
  153  10:10  Marine  
  161  10:14  SCV x2  
  161  10:17  Marauder x2  
  167  10:26  Terran Infantry Weapons Level 3  
  167  10:31  Marine, Terran Infantry Armor Level 3  
  167  10:32  Marauder, Marine  
  167  10:35  Marine x2  
  171  10:37  Marine x2  
  171  10:40  Marine x2  
  177  10:43  Marine x2  
  171  11:00  Marine  
  171  11:01  Marauder  
  171  11:02  Liberator  
  171  11:03  Liberator  
  170  11:06  Marine, Marauder  
  170  11:07  Marine x2, Marauder  
  166  11:11  Marine x2  
  166  11:12  Siege Tank  
  166  11:15  Marine  
  166  11:17  Marine x2  
  166  11:18  Marine  
  147  11:21  Marine  
  147  11:22  Marauder  
  147  11:24  Planetary Fortress  
  155  11:28  Marauder  
  155  11:29  Marauder  
  155  11:32  Marine x2  
  161  11:34  Marine x2  
  163  11:43  Marauder, Starport  
  163  11:44  Marine x3  
  163  11:45  Starport  
  168  11:49  Marauder  
  168  11:50  Marauder  
  150  11:54  Marine x2  
  150  11:55  Marine x3  
  150  11:58  Marine  
  150  11:59  Marine  
  128  12:02  Marine x3  
  128  12:05  Marauder  
  126  12:10  Marauder  
  126  12:11  Marauder  
  126  12:12  Marine x3  
  126  12:13  Marine x2  
  134  12:16  Marine x2  
  134  12:20  Marine  
  134  12:22  Marine x2  
  137  12:26  Marauder  
  137  12:29  Marine  
  138  12:30  Marine x3  
  138  12:31  Marine  
  138  12:32  Marauder  
  138  12:33  Marauder  
  138  12:34  Marine  
  138  12:36  Siege Tank  
  148  12:38  Marine x2  
  148  12:41  Orbital Command  
  148  12:42  Marine x2  
  152  12:47  Marauder  
  152  12:50  Marine  
  152  12:51  Marine  
  156  12:53  Marauder  
  158  12:58  Marine  
  158  12:59  Marine  
  158  13:00  Marauder  
  158  13:02  Marine x2  
  158  13:03  Marine  
  158  13:05  Marine  
  163  13:09  Marine x2  
  148  13:20  Marine x2  
  148  13:22  Medivac x2  
  148  13:23  Marine  
  150  13:28  Marine x3, Marauder x2  
  150  13:33  Marine x2, Marauder  
  148  13:36  Marine x2  
Tags
 
Add a new tag
Caveats
  • Supply blocks, unpowered buildings, or Contaminate may cause inaccurate times.
  • Supply counts are checked every 10 seconds.